 Dungeon Crawl Stone Soup version 0.29-a0-997-gf6f7e2dfe7 (webtiles) character file.

Game seed: 7347580409553331452

461 quixfox the Digger (level 7, -4/36 HPs)
             Began as a Gargoyle Earth Elementalist on Aug 5, 2022.
             Slain by an ice beast (9 damage)
             ... on level 5 of the Dungeon.
             The game lasted 00:06:57 (4060 turns).

quixfox the Digger (Gargoyle Earth Elementalist)    Turns: 4060, Time: 00:06:58

Health: -4/36      AC:  9    Str: 11    XL:     7   Next: 7%
Magic:  5/13       EV: 11    Int: 18    God:
Gold:   286        SH:  0    Dex: 10    Spells: 8/14 levels left

rFire   . . .      SeeInvis .   i - +1 whip (vorpal)
rCold   . . .      Faith    .   (no shield)
rNeg    + . .      Spirit   .   a - +0 robe
rPois   ∞          Reflect  .   g - +2 helmet
rElec   +          Harm     .   (no cloak)
rCorr   +          Rampage  .   (no gloves)
Will    .....                   (no boots)
Stlth   ++........              (no amulet)
HPRegen 0.12/turn               m - +4 ring of slaying
MPRegen 0.13/turn               n - ring of resist corrosion

@: no status effects
A: sickness immunity, AC +4, negative energy resistance 1, electricity
resistance, torment resistance 1, petrification resistance
a: no special abilities


You were on level 5 of the Dungeon.
You visited 1 branch of the dungeon, and saw 5 of its levels.

You collected 286 gold pieces.

Inventory:

Hand Weapons
 i - a +1 vorpal whip (weapon)
Armour
 a - a +0 robe (worn)
 g - a +2 helmet (worn)
Jewellery
 m - a +4 ring of slaying (left hand)
 n - a ring of resist corrosion (right hand)
Scrolls
 d - 2 scrolls of identify
 h - 3 scrolls of blinking
 k - 2 scrolls of brand weapon
 l - a scroll of butterflies
 o - a scroll of teleportation
Potions
 b - a potion of magic
 c - 2 potions of curing
 e - 5 potions of lignification
 f - a potion of haste
 j - 3 potions of degeneration


   Skills:
 - Level 1.5 Dodging
 - Level 2.1 Stealth
 + Level 4.3 Spellcasting
 + Level 3.8 Conjurations
 - Level 0.7 Transmutations
 + Level 6.2 Earth Magic


You had 8 spell levels left.
You knew the following spells:

 Your Spells              Type           Power      Damage    Failure   Level
a - Sandblast             Erth           52%        2d12      1%          1
b - Passwall              Tmut/Erth      13%        N/A       4%          2
c - Stone Arrow           Conj/Erth      44%        3d9       5%          3

Your spell library contained the following spells:

 Spells                   Type           Power      Damage    Failure   Level
 Mephitic Cloud           Conj/Pois/Air  8%         N/A       26%         3
 Petrify                  Tmut/Erth      16%        N/A       32%         4
 Ignite Poison            Fire/Tmut/Pois 4%         N/A       36%         3
 Gell's Gravitas          Tloc           3%         N/A       38%         3
 Lesser Beckoning         Tloc           3%         N/A       38%         3
 Teleport Other           Tloc           3%         N/A       38%         3
 Freezing Cloud           Conj/Ice/Air   4%         6-21      93%         5


Dungeon Overview and Level Annotations

Branches:
Dungeon (5/15)
 Temple: D:4-7

Altars:
Qazlal
Wu Jian
Zin

Shops:
D:4 *


Innate Abilities, Weirdness & Mutations

You are immune to sickness and miasma.
Your stone body is resilient. (AC +4)
You are immune to poison.
You resist negative energy. (rN+)
You are resistant to electric shocks. (rElec)
You are resistant to unholy torment.
You are immune to petrification.


Message History

The ufetubus hits you but does no damage. x2
The ogre barely misses you.
The blast of sand hits the ogre!
You kill the ogre!
The ufetubus hits you but does no damage.
The ufetubus barely misses you. x2; The ufetubus hits you. x2
The ufetubus hits you but does no damage.
You have reached level 7!
The blast of sand hits the ufetubus!
You kill the ufetubus!
An ice beast comes into view.
You see here a +0 giant spiked club.
The blast of sand hits the ice beast.
The ice beast is lightly wounded.
The blast of sand hits the ice beast!
The ice beast is severely wounded.
The ice beast hits you. The ice beast freezes you!
The blast of sand hits the ice beast but does no damage.
The ice beast is severely wounded.
The ice beast hits you but does no damage.
The ice beast closely misses you.
The blast of sand hits the ice beast.
The ice beast is almost dead.
The ice beast hits you. The ice beast freezes you!
* * * LOW HITPOINT WARNING * * *
The ice beast barely misses you.
Aiming: Sandblast (safe; 1% risk of failure)
Press: ? - help, Q - select action, (/) - cycle Shift-Dir - straight line, f/p - ice beast
Aim: an ice beast (almost dead, 83% to hit)
The blast of sand misses the ice beast.
The ice beast hits you but does no damage. x2
Aiming: Sandblast (safe; 1% risk of failure)
Press: ? - help, Q - select action, (/) - cycle Shift-Dir - straight line, f/p - ice beast
Aim: an ice beast (almost dead, 83% to hit)
The blast of sand hits the ice beast but does no damage.
The ice beast is almost dead.
The ice beast hits you.
* * * LOW HITPOINT WARNING * * *
The ice beast freezes you!
You die...

....#####>).# #.#
.<#....)..### #.## ##
..#.......## #..###.#
..#...##..##. ##.....## .#
......#..###?.#.......#..#
.<#.......#.....†.........
.....#.........#.....#....
#...##.........##...## ...
.....#.........#@....# ..
...) ....#....Y.........
##..#...?...#.. ....
##.....## .. ... ..###..#
. .. .... .... . .... ...#
.... .#


You could see an ice beast.

Vanquished Creatures
  A black bear (D:2)
  An ogre (D:5)
  A howler monkey (D:5)
  A jelly (D:5)
  An iguana (D:5)
  An orc wizard (D:2)
  4 adders
  4 gnolls (D:5)
  An ufetubus (D:5)
  A worm (D:3)
  A dart slug (D:1)
  4 orcs (D:2)
  5 endoplasms
  4 giant cockroaches
  11 goblins
  6 hobgoblins
  16 jackals
  7 kobolds
  3 quokkas
  4 ball pythons
  5 bats
  2 frilled lizards
  8 rats
92 creatures vanquished.

Vanquished Creatures (others)
  20 plants (D:3)
20 creatures vanquished.

Grand Total: 112 creatures vanquished

Notes
Turn   | Place    | Note
-------+----------+-------------------------------------------
     0 | D:1      | quixfox the Gargoyle Earth Elementalist began the quest for
                  | the Orb.
     0 | D:1      | Reached XP level 1. HP: 10/10 MP: 3/3
   160 | D:1      | Reached skill level 4 in Earth Magic
   160 | D:1      | Reached XP level 2. HP: 15/15 MP: 1/5
   926 | D:1      | Reached XP level 3. HP: 19/19 MP: 4/6
   929 | D:1      | Learned a level 2 spell: Passwall
   933 | D:1      | Learned a level 3 spell: Stone Arrow
  1292 | D:2      | Noticed a black bear
  1396 | D:2      | Reached skill level 1 in Conjurations
  1434 | D:2      | Killed a black bear
  1435 | D:2      | Reached skill level 5 in Earth Magic
  1435 | D:2      | Reached XP level 4. HP: 24/24 MP: 5/9
  1435 | D:2      | Reached XP level 5. HP: 28/28 MP: 5/10
  2449 | D:3      | Found an ornate altar of the Wu Jian Council.
  2881 | D:3      | Found a faded altar of an unknown god.
  2918 | D:3      | Found a stormy altar of Qazlal.
  3220 | D:4      | Found Zin's Purification Station.
  3223 | D:4      | Found a glowing silver altar of Zin.
  3339 | D:4      | Reached XP level 6. HP: 32/32 MP: 6/11
  3926 | D:5      | Entered Level 5 of the Dungeon
  4029 | D:5      | Reached skill level 6 in Earth Magic
  4051 | D:5      | Reached XP level 7. HP: 33/36 MP: 9/13
  4060 | D:5      | Slain by an ice beast

Illustrated notes

Levels and vault maps discovered:
D:1:      minmay_arrival_open_corners, layout_basic, roderic_lattice_a
D:2:      layout_loops_ring, item_on_display_a
D:3:      layout_loops_cross, mainiacjoe_overflow_chevrons,
          mainiacjoe_overflow_surrounded_room,
          shapermc_ecumenical_altar_hornbeckon, hangedman_decor_diamond_cutter
D:4:      layout_loops_ring, zin_purify
D:5:      nicolae_cairo_tiling_large_dashed, layout_rooms, doesnt_xom_only_xom,
          minmay_misc_feat_diagonals, item_on_display_a

Skill      XL: |  1  2  3  4  5  6 |
---------------+-------------------+-----
Earth Magic    | 4 5 6 |  6.2
Conjurations   | 2 3 |  3.8
Spellcasting   | 3 4 |  4.3
Dodging        | |  1.5
Stealth        | |  2.1
Transmutations | |  0.7

Action                   |  1- 3 |  4- 6 |  7- 9 || total
-------------------------+-------+-------+-------++-------
Melee: Whip              |     3 |     6 |       ||     9
 Cast: Sandblast         |    48 |    80 |     7 ||   135
  Use: Scroll            |     8 |     5 |       ||    13
       Potion            |       |     1 |       ||     1
Armor: Robe              |     9 |    25 |     3 ||    37
Dodge: Dodged            |    20 |    22 |     2 ||    44

Table legend: (Time is in decaauts)
 A = Elapsed time spent in this place.
 B = Non-inter-level travel time spent in this place.
 C = Inter-level travel time spent in this place.
 D = Time resting spent in this place.
 E = Time spent auto-exploring this place.
 F = Levels seen in this place.
 G = Mean time per level.
                   A        B        C        D        E       F      G
               +--------+--------+--------+--------+--------+-----+--------+
         Total |   4178 |   4085 |     93 |    121 |   3308 |   5 |  835.6 |
       Dungeon |   4178 |   4085 |     93 |    121 |   3308 |   5 |  835.6 |
               +--------+--------+--------+--------+--------+-----+--------+

Top non-repeatable levels by time:
     D:1: 1318 daAuts
     D:2: 1039 daAuts
     D:3: 876 daAuts
     D:4: 787 daAuts
     D:5: 155 daAuts
